 Dungeon Crawl Stone Soup version 0.31-a0-261-g072fdb8a1f (webtiles) character file.

Game seed: 16477684851123538452

597 mopl the Chopper (level 7, -1/52 HPs)
             Began as a Formicid Warper on July 11, 2023.
             Killed from afar by Dowan (14 damage)
             ... with a shard of ice
             ... on level 4 of the Dungeon on July 13, 2023.
             The game lasted 00:06:50 (2939 turns).

mopl the Chopper (Formicid Warper)                  Turns: 2939, Time: 00:06:52

Health: -1/52      AC: 21    Str: 16    XL:     7   Next: 68%
Magic:  13/13      EV:  8    Int: 14    God:
Gold:   133        SH:  0    Dex: 16    Spells: 5/14 levels left

rFire   . . .        a - +0 war axe
rCold   . . .        (no shield)
rNeg    + . .        k - +10 chain mail of Sif Muna's Grace {Harm rN+ Dex+3 Stlth+}
rPois   .            (helmet unavailable)
rElec   .            w - +0 cloak
rCorr   .            (no gloves)
SInv    +            t - +0 pair of boots
Will    .....        (no amulet) Stlth
                     (no ring)
HPRegen 0.28/turn    (no ring)
MPRegen 0.13/turn

%: harm (+30% outgoing, +20% incoming)
@: no status effects
A: permanent stasis, dig shafts and tunnels, antennae 3, four strong arms
a: Dig, Shaft Self


You were on level 4 of the Dungeon.
You visited 1 branch of the dungeon, and saw 4 of its levels.
You also visited: Ossuary.

You collected 133 gold pieces.

Inventory:

Hand Weapons
 a - a +0 war axe (weapon)
Missiles
 b - 4 boomerangs
 d - 7 boomerangs of dispersal (quivered)
 p - 5 curare-tipped darts
 r - 8 poisoned darts
Armour
 k - the +10 chain mail of Sif Muna's Grace (worn) {Harm rN+ Dex+3 Stlth+}
   (You took it off a goblin on level 2 of the Dungeon)

   Dex:       It affects your dexterity (+3).
   rN:        It protects you from negative energy.
   Harm:      It increases damage dealt and taken.
   Stlth:     It makes you more stealthy.
 n - the +6 ring mail of the Demon Prince {rN+}
   (You found it on level 3 of the Dungeon)

   rN:        It protects you from negative energy.
 t - a +0 pair of boots (worn)
 w - a +0 cloak (worn)
Talismans
 u - a granite talisman
 v - a maw talisman
Wands
 C - a wand of paralysis (4)
Scrolls
 c - 2 scrolls of blinking
 e - a scroll of acquirement {unknown}
 h - 3 scrolls of teleportation
 i - a scroll of enchant weapon {unknown}
 l - a scroll of revelation {unknown}
 m - 2 scrolls of poison
 y - 2 scrolls of fog {unknown}
 A - a scroll of enchant armour {unknown}
Potions
 f - 3 potions of invisibility
 g - a potion of attraction {unknown}
 j - 3 potions of curing {unknown}
 o - 2 potions of enlightenment {unknown}
 q - 2 potions of magic {unknown}
 s - a potion of mutation {unknown}
 x - a potion of degeneration {unknown}
 z - a potion of heal wounds {unknown}
 B - 3 potions of brilliance {unknown}


   Skills:
 + Level 3.1 Fighting
 * Level 5.4 Axes
 - Level 1.0 Throwing
 + Level 2.3 Armour
 - Level 1.7 Dodging
 + Level 4.1 Spellcasting
 + Level 4.2 Translocations


You had 5 spell levels left.
You knew the following spells:

 Your Spells              Type           Power      Damage    Failure   Level
a - Manifold Assault      Tloc           14%        N/A       99%         4
b - Lesser Beckoning      Tloc           28%        N/A       54%         2
t - Teleport Other        Tloc           14%        N/A       78%         3

Your spell library contained the following spells:

 Spells                   Type           Power      Damage    Failure   Level
 Blink                    Tloc           Unusable   N/A       N/A         2
 Vhi's Electric Charge    Tloc/Air       Unusable   N/A       N/A         3

Dungeon Overview and Level Annotations

Branches:
Dungeon (4/15)            Ossuary (visited)
 Temple: D:4-7

Altars:
Ashenzari
Fedhas

Shops:
D:3 (

Annotations:
D:4 Dowan


Innate Abilities, Weirdness & Mutations

You cannot be hasted, slowed, berserked, paralysed or teleported.
You can dig through walls and to a lower floor.
You have a pair of large antennae on your head. (SInv)
Your four strong arms can wield two-handed weapons with a shield.


Message History

Duvessa hits you with a +2 vampiric short sword.
Dowan hits you with a +5 dagger of flaming.
Dowan burns you.
You hit Duvessa.
Duvessa is almost dead.
You barely miss Dowan.
Duvessa hits you with a +2 vampiric short sword.
Dowan hits you but does no damage.
Unknown command.
You barely miss Duvessa.
Duvessa is almost dead.
You miss Dowan.
Duvessa hits you with a +2 vampiric short sword.
Duvessa draws strength from your wounds!
Dowan closely misses you.
Unknown command.
You hit Duvessa but do no damage.
Duvessa is almost dead.
You hit Dowan but do no damage.
Duvessa gestures with her weapon.
Duvessa hits you with a +2 vampiric short sword.
Duvessa draws strength from your wounds!
Dowan hits you but does no damage.
You closely miss Duvessa.
Duvessa is almost dead.
You slash Dowan! Duvessa barely misses you.
Dowan hits you with a +5 dagger of flaming.
* * * LOW HITPOINT WARNING * * *
Dowan burns you.
* * * LOW HITPOINT WARNING * * *
Dowan hits you but does no damage. Duvessa closely misses you.
Unknown command.
You hit Duvessa.
You kill Duvessa!
Dowan seems overcome with grief.
Dowan seems to find hidden reserves of power!
You hit Dowan. Dowan gestures at you while chanting. The shard of ice hits you!
You die...

..###.# ### #.### ..#
#...###### ##
#.#####......# ..
#....#######.# .#
..##...# #.# ..# #.##
#.## #.### #.# #..###..
#...##e.# ##..##.#
###..@).# # ##..#)#
####...# .# ##...####
.#..# #.#> #.......##
#.##.# #...
#..#####..######.##..##.
.# #.#
##..##....###....#.# #.
##....###.....##..# #.
#........###..#.# #
#.##....#...#.†.#######


You could see Dowan (fast).

Vanquished Creatures
  Sigmund (D:3)
  Duvessa (D:4)
  A phantom (D:3)
  3 centaur zombies (Ossuary)
  A human zombie (D:4)
  Crazy Yiuf (D:3)
  5 mummies (Ossuary)
  4 adders
  4 dart slugs
  6 orcs
  7 endoplasms
  5 giant cockroaches
  7 goblins
  7 hobgoblins
  4 jackals
  8 kobolds
  A quokka (D:3)
  13 ball pythons
  9 bats
  4 frilled lizards
  3 hobgoblin zombies (Ossuary)
  3 rats (D:1)
98 creatures vanquished.

Notes
Turn   | Place    | Note
-------+----------+-------------------------------------------
     0 | D:1      | mopl the Formicid Warper began the quest for the Orb.
     0 | D:1      | Reached XP level 1. HP: 16/16 MP: 3/3
    56 | D:1      | Upgraded the game from 0.31-a0-237-g2d982f9f85 to
                  | 0.31-a0-261-g072fdb8a1f
   227 | D:1      | Reached XP level 2. HP: 22/22 MP: 5/5
   237 | D:1      | Learned a level 2 spell: Lesser Beckoning
   324 | D:1      | Reached XP level 3. HP: 9/27 MP: 6/6
   439 | D:1      | Reached skill level 3 in Translocations
   828 | D:2      | Found a blossoming altar of Fedhas.
   882 | D:2      | Reached skill level 3 in Axes
   957 | D:2      | Identified the +10 chain mail of Sif Muna's Grace {Harm rN+
                  | Dex+3 Stlth+}
   986 | D:2      | Reached XP level 4. HP: 25/33 MP: 8/8
  1306 | D:2      | Found a faded altar of an unknown god.
  1528 | D:3      | Noticed Sigmund
  1544 | D:3      | Killed Sigmund
  1545 | D:3      | Reached skill level 4 in Axes
  1545 | D:3      | Reached skill level 3 in Spellcasting
  1545 | D:3      | Reached XP level 5. HP: 32/38 MP: 8/10
  1545 | D:3      | Reached XP level 6. HP: 37/44 MP: 8/11
  1575 | D:3      | Learned a level 3 spell: Teleport Other
  1580 | D:3      | Learned a level 4 spell: Manifold Assault
  1712 | D:3      | Identified the +6 ring mail of the Demon Prince {rN+}
  1937 | D:3      | Found Fiduuler's Weapon Shoppe.
  2001 | D:3      | Found a broken altar of Ashenzari.
  2375 | D:3      | Found a runed translucent door.
  2376 | D:3      | Noticed Crazy Yiuf
  2383 | D:3      | Killed Crazy Yiuf
  2384 | D:3      | Reached XP level 7. HP: 38/51 MP: 12/12
  2584 | D:4      | Reached skill level 4 in Translocations
  2585 | D:4      | Reached skill level 5 in Axes
  2587 | D:4      | Found a sand-covered staircase.
  2607 | Ossuary  | Entered an ossuary
  2614 | Ossuary  | Reached skill level 2 in Armour
  2621 | Ossuary  | Reached skill level 4 in Spellcasting
  2622 | Ossuary  | Reached skill level 3 in Fighting
  2921 | D:4      | Noticed Duvessa
  2922 | D:4      | Noticed Dowan
  2939 | D:4      | Killed Duvessa
  2939 | D:4      | Killed from afar by Dowan

Illustrated notes

Levels and vault maps discovered:
D:1:      kilobyte_arrival_exit_the_forest, layout_rooms,
          hangedman_decor_growths
D:2:      layout_basic, basic_ecumenical_altar, basic_altar
D:3:      layout_loops_ring, ashenzari_conservatory_becter, serial_shops,
          nicolae_shop_window_shopping, minmay_divided_ellipse, uniq_sigmund,
          uniq_crazy_yiuf_cottage
D:4:      layout_rooms, good_gods_mini_temple, enter_ossuary_3,
          minmay_misc_feat_more_columns, kennysheep_generic_room_8, uniq_duvessa

Skill      XL: |  1  2  3  4  5  6  7 |
---------------+----------------------+-----
Translocations | 3 4 |  4.2
Axes           | 3 4 5 |  5.4
Spellcasting   | 3 4 |  4.1
Armour         | 2 |  2.3
Fighting       | 3 |  3.1
Throwing       | |  1.0
Dodging        | |  1.7

Action                     |  1- 3 |  4- 6 |  7- 9 || total
---------------------------+-------+-------+-------++-------
  Melee: Hand axe          |   108 |    57 |       ||   165
         Punch             |     1 |     4 |     1 ||     6
         War axe           |       |    45 |    74 ||   119
    Use: Scroll            |       |       |     2 ||     2
 Armour: Leather armour    |     7 |       |       ||     7
         Chain mail        |    85 |    59 |    72 ||   216
  Dodge: Dodged            |    80 |    39 |    49 ||   168

Table legend: (Time is in decaauts)
 A = Elapsed time spent in this place.
 B = Non-inter-level travel time spent in this place.
 C = Inter-level travel time spent in this place.
 D = Time resting spent in this place.
 E = Time spent auto-exploring this place.
 F = Levels seen in this place.
 G = Mean time per level.
                   A        B        C        D        E       F      G
               +--------+--------+--------+--------+--------+-----+--------+
         Total |   3002 |   2876 |    126 |    269 |   1802 |   5 |  600.4 |
       Dungeon |   2765 |   2639 |    126 |    140 |   1760 |   4 |  691.2 |
       Ossuary |    237 |    237 |      0 |    129 |     42 |   1 |  237.0 |
               +--------+--------+--------+--------+--------+-----+--------+

Top non-repeatable levels by time:
     D:3: 989 daAuts
     D:1: 845 daAuts
     D:2: 712 daAuts
 Ossuary: 237 daAuts
     D:4: 216 daAuts
